 Dungeon Crawl Stone Soup version 0.19.5 (webtiles) character file.

114166 Jumperg the Eclecticist (level 16, -4/76 HPs)
             Began as a Deep Elf Conjurer on May 19, 2017.
             Was a High Priest of Sif Muna.
             Killed by Shatter
             ... invoked by Jorgrun
              (51 damage)
             ... on level 2 of the Snake Pit on May 25, 2017.
             The game lasted 17:26:47 (44518 turns).

Jumperg the Eclecticist (Deep Elf Conjurer)        Turns: 44518, Time: 17:26:48

Health: -4/76      AC:  8    Str:  8    XL:     16   Next: 15%
Magic:  10/40      EV: 20    Int: 28    God:    Sif Muna [*****.]
Gold:   1724       SH:  0    Dex: 15    Spells: 11 memorised, 9 levels left

rFire  + . .     SeeInvis .     b - +4 trident of Wozxeaq {flame, -Tele rPois Stlth+}
rCold  + . .     Gourm    .     X - +2 robe {rF+}
rNeg   + . .     Faith    .     (no shield)
rPois  +         Spirit   .     q - +1 hat {MR+}
rElec  .         Reflect  .     L - +0 cloak
rCorr  .         Harm     .     h - +0 pair of gloves of Lilacs {rC+ MR+ Regen+ Str+3}
MR     +++..     Clarity  +     M - +0 pair of boots
Stlth  ++++++.... NoTele   +    (no amulet)
                                n - ring of wizardry
                                l - ring of positive energy

@: very slightly contaminated, deflect missiles, divine energy
A: horns 1, camouflage 1, clarity
a: Stop Divine Energy, Channel Magic, Forget Spell, Renounce Religion


You were on level 2 of the Snake Pit.
You worshipped Sif Muna.
Sif Muna was extremely pleased with you.
You were hungry.

You visited 6 branches of the dungeon, and saw 26 of its levels.
You also visited: Ice Cave.

You collected 2660 gold pieces.
You spent 936 gold pieces at shops.

Inventory:

Hand Weapons
 a - the +9 staff of Olgreb {rPois}
   (You found it on level 5 of the Dungeon)

   It protects you from poison.
 b - the +4 trident of Wozxeaq (weapon) {flame, -Tele rPois Stlth+}
   (You found it on level 12 of the Dungeon)

   It has been specially enchanted to burn those struck by it, causing extra
   injury to most foes and up to half again as much damage against particularly
   susceptible opponents.
   It protects you from poison.
   It prevents most forms of teleportation.
   It makes you more stealthy.
 E - the +3 scimitar "Tagi" {freeze, rElec rN+}
   (You found it on level 2 of the Lair of Beasts)

   It has been specially enchanted to freeze those struck by it, causing extra
   injury to most foes and up to half again as much damage against particularly
   susceptible opponents.
   It can also slow down cold-blooded creatures.
   It insulates you from electricity.
   It protects you from negative energy.
 H - the +3 halberd "Cuorph" {drain, +Inv Int+3}
   (You found it on level 13 of the Dungeon)

   A truly terrible weapon, it drains the life of those it strikes.
   It affects your intelligence (+3).
   It lets you turn invisible.
Armour
 h - the +0 pair of gloves of Lilacs (worn) {rC+ MR+ Regen+ Str+3}
   (You bought it in a shop on level 2 of the Orcish Mines)

   It affects your strength (+3).
   It protects you from cold.
   It affects your resistance to hostile enchantments.
   It increases your rate of regeneration.
 q - a +1 hat of magic resistance (worn)
 L - a +0 cloak (worn)
 M - a +0 pair of boots (worn)
 X - a +2 robe of fire resistance (worn)
Jewellery
 l - a ring of positive energy (left hand)
 n - a ring of wizardry (right hand)
 x - an uncursed ring of ice
 B - an uncursed ring of flight
 T - an uncursed ring of ice
Wands
 g - a wand of acid (10/15)
 y - a wand of hasting (4/9)
 N - a wand of disintegration (11/24)
 R - a wand of polymorph (24/24)
 V - a wand of paralysis (11/24)
 W - a wand of iceblast (9/15)
Scrolls
 d - 3 scrolls of random uselessness {unknown}
 f - 3 scrolls of immolation
 i - a scroll of summoning {unknown}
 j - a scroll of holy word {unknown}
 m - a scroll of acquirement {unknown}
 o - a scroll of noise {unknown}
 p - 2 scrolls of brand weapon {unknown}
 s - 3 scrolls of teleportation
 A - a scroll of fog
 D - 4 scrolls of remove curse
 F - 3 scrolls of fear {unknown}
 G - 2 scrolls of blinking {unknown}
 K - 3 scrolls of enchant armour
Potions
 e - 2 potions of might {unknown}
 t - 5 potions of cancellation
 u - 5 potions of brilliance
 v - a potion of agility
 w - 3 potions of magic {unknown}
 z - 5 potions of flight
 C - a potion of ambrosia {unknown}
 I - 2 potions of haste
 J - 8 potions of curing
 O - a potion of resistance {unknown}
 Q - 5 potions of invisibility
 S - 6 potions of heal wounds
 Z - a potion of cure mutation {unknown}
Books
 k - Sif Muna's Incunabulum of Bile
   (Sif Muna gifted it to you on level 2 of the Lair of Beasts)

   Spells                             Type                      Level
   a - Flame Tongue                   Conjuration/Fire             1
   b - Static Discharge               Conjuration/Air              3
   c - Sticky Flame                   Conjuration/Fire             4
   d - Lightning Bolt                 Conjuration/Air              5
   e - Ring of Flames                 Charms/Fire                  7
   f - Chain Lightning                Conjuration/Air              8
 r - Sif Muna's Grimoire of Battle Magic and the Birds
   (Sif Muna gifted it to you on level 2 of the Orcish Mines)

   Spells                             Type                      Level
   a - Flame Tongue                   Conjuration/Fire             1
   b - Swiftness                      Charms/Air                   2
   c - Airstrike                      Air                          4
   d - Fulminant Prism                Conjuration/Hexes            4
   e - Fireball                       Conjuration/Fire             5
   f - Bolt of Draining               Conjuration/Necromancy       5
   g - Orb of Destruction             Conjuration                  7
   h - Tornado                        Air                          9
Comestibles
 c - 7 bread rations


   Skills:
 - Level 11.0 Dodging
 - Level 10.0 Stealth
 + Level 18.1 Spellcasting
 + Level 15.8 Conjurations
 - Level 12.0 Hexes
 - Level 10.2 Charms
 + Level 10.5 Air Magic
   Level 7.1 Poison Magic
 - Level 6.2 Invocations


You had 9 spell levels left.
You knew the following spells:

 Your Spells              Type           Power        Failure   Level  Hunger
a - Magic Dart            Conj           ####         0%          1    None
b - Searing Ray           Conj           ######       0%          2    None
c - Dazzling Spray        Conj/Hex       ######       1%          3    None
d - Fulminant Prism       Conj/Hex       #######...   1%          4    None
e - Iskenderun's Mystic   Conj           #######.     1%          4    None
f - Iskenderun's Battles  Conj/Chrm      #######.     1%          5    None
g - Summon Lightning Spi  Summ/Air       ######..     1%          4    None
h - Slow                  Hex            #######.     1%          2    None
j - Orb of Destruction    Conj           #######...   1%          7    ####...
l - Deflect Missiles      Chrm/Air       ######....   1%          6    ##.....
m - Airstrike             Air            ######....   1%          4    None


Dungeon Overview and Level Annotations

Branches:
Dungeon (14/15)            Temple (1/1) D:5            Lair (6/6) D:8
 Shoals (0/4) Lair:4        Snake (2/4) Lair:4        Slime (0/5) Lair:5
    Orc (2/2) D:10            Elf (1/3) Orc:2        Vaults (0/5) D:14

Altars:
Ashenzari
Cheibriados
Dithmenos
Elyvilon
Fedhas
Gozag
Hepliaklqana
Kikubaaqudgha
Makhleb
Nemelex Xobeh
Okawaru
Qazlal
Ru
Sif Muna
Trog
Uskayaw
Vehumet
Xom
Yredelemnul
Zin
The Shining One
Jiyva

Shops:
D:2 *   D:7 [((%!   D:11 *   Orc:2 :*[(   Snake:2 =

Annotations:
D:3 tschems's ghost, amateur HuFi
D:5 1 runed door
D:14 Nessos
Snake:2 Asterion; Jorgrun


Innate Abilities, Weirdness & Mutations

You have a pair of small horns on your head.
Your skin changes colour to match your surroundings (Stealth+).
You possess an exceptional clarity of mind.


Message History

Casting: Airstrike
Confirm with . or Enter, or press ? or * to list all spells.
Aiming: Fulminant Prism
Press: ? - help, Dir - move target cursor You conjure a prism of explosive energy!
Your fulminant prism crackles loudly.
Your fulminant prism explodes!
The blast of energy engulfs Jorgrun.
Jorgrun is moderately wounded.
Casting: Fulminant Prism
Confirm with . or Enter, or press ? or * to list all spells.
Aiming: Orb of Destruction
Press: ? - help, Shift-Dir - straight line, f - Jorgrun
Aim: Jorgrun, wielding a quarterstaff of crushing and wearing a runed robe (moderately wounded)
You are feeling hungry.
Jorgrun gestures wildly while chanting.
The dungeon rumbles around Jorgrun!
You shudder from the earth-shattering force.
Ouch! That really hurt!
You die...

##..##. ##....## ##..###.
##......# #...###g
##.......# #.#......#
###.........####
#.###....####..<............
#.# ##(...##...(............
#.# ##........()...........
#.# ##..*.................
#.# #...@..##............
### #......#.............
##....................
##.....................
######......................
#.##.........)..^...........
##..........................
###########................
#####............


You could see Jorgrun.

Vanquished Creatures
  Frances (Snake:2)
  Gastronok (Lair:1)
  A frost giant (IceCv)
  2 orc warlords
  A stone giant (Orc:2)
  A fire dragon (Lair:6)
  9 hydras
  7 naga warriors
  An anaconda (Snake:1)
  A dancing weapon (Elf:1)
  5 orc high priests (Orc:2)
  2 naga sharpshooters
  Urug (Lair:5)
  A shock serpent (Snake:1)
  Sonja (Lair:2)
  2 deep elf knights (Elf:1)
  3 skeletal warriors (D:11)
  2 unseen horrors
  2 lindwurms
  2 deep elf archers (Elf:1)
  3 orc knights
  8 hill giants
  2 oklob plants
  3 ugly things
  2 cyclopes
  A wolf spider zombie (D:13)
  8 deep elf magi
  An orc sorcerer (Orc:2)
  2 salamanders
  A manticore (shapeshifter) (D:12)
  2 sirens (Lair:4)
  17 black mambas
  A black mamba (shapeshifter) (Elf:1)
  An ice statue (IceCv)
  4 elephants (Lair:4)
  4 naga magi
  A guardian serpent (Snake:1)
  19 spiny frogs
  A gargoyle (D:10)
  3 molten gargoyles (Lair:6)
  5 rime drakes
  A torpor snail (Lair:4)
  2 kobold demonologists (D:14)
  13 komodo dragons
  An efreet (D:13)
  A freezing wraith (D:13)
  6 trolls
  A two-headed ogre (D:10)
  15 polar bears
  2 dream sheep (D:10)
  14 blink frogs
  3 hornets
  14 hippogriffs
  A shadow (D:10)
  5 humans
  7 wyverns
  74 yaks
  A vampire (D:9)
  7 basilisks
  6 vampire mosquitoes
  A hungry ghost (D:11)
  A mottled dragon (D:13)
  2 steam dragons
  Edmund (D:6)
  5 wargs (Orc:2)
  6 soldier ants (D:5)
  16 nagas
  4 hell hounds
  13 porcupines
  8 water moccasins
  3 eyes of draining
  39 orc warriors
  5 ice beasts
  6 necrophages
  5 phantoms
  3 black bears
  2 sky beasts
  13 ogres
  6 wolves (IceCv)
  14 centaurs
  10 crocodiles
  8 big kobolds
  16 bullfrogs
  A gnoll sergeant (D:5)
  2 scorpions (D:12)
  18 killer bees
  11 wights
  3 electric eels (Lair:4)
  8 crimson imps
  2 centaur zombies
  5 lava snakes (Lair:6)
  2 bullfrog zombies
  5 jellies
  14 orc priests
  5 centaur skeletons
  5 hounds
  27 orc wizards
  A quasit (D:6)
  3 bullfrog skeletons
  Ijyb (D:3)
  Jessica (D:3)
  8 iguanas
  9 worker ants
  A killer bee zombie (D:10)
  A hound skeleton (D:5)
  4 gnolls (D:5)
  12 adders
  6 shadow imps
  2 oozes
  2 adder zombies (D:7)
  3 adder skeletons
  2 worms (D:6)
  2 dart slugs
  5 leopard geckos
  89 orcs
  4 bats
  5 giant cockroaches
  6 goblins
  5 hobgoblins
  10 jackals
  29 kobolds
  3 quokkas
  8 frilled lizards
  A quokka zombie (D:5)
  8 rats
  A fulminant prism (D:12)
  3 fungi
  2 plants
841 creatures vanquished.

Vanquished Creatures (collateral kills)
  A salamander (Snake:2)
  An orc warrior (Orc:1)
  An orc priest (Orc:1)
  2 orcs
5 creatures vanquished.

Vanquished Creatures (others)
  Rupert (D:13)
  A deep elf mage (Elf:1)
  A yak (Lair:4)
  4 jackals (D:6)
  9 bushes
  108 fulminant prisms
  29 fungi
  15 plants
168 creatures vanquished.

Grand Total: 1014 creatures vanquished

Notes
Turn   | Place    | Note
-------+----------+-------------------------------------------
     0 | D:1      | Jumperg the Deep Elf Conjurer began the quest for the Orb.
     0 | D:1      | Reached XP level 1. HP: 10/10 MP: 6/6
   312 | D:1      | Reached XP level 2. HP: 15/15 MP: 6/8
   383 | D:1      | Learned a level 2 spell: Searing Ray
   879 | D:2      | Found a deep blue altar of Sif Muna.
   900 | D:2      | Reached XP level 3. HP: 19/19 MP: 8/10
   920 | D:2      | Found a burning altar of Makhleb.
   921 | D:2      | Found a shattered altar of Ashenzari.
   935 | D:2      | Became a worshipper of Sif Muna the Loreminder
  1204 | D:2      | Learned a level 3 spell: Dazzling Spray
  1241 | D:2      | Found Zin's Purification Station.
  1275 | D:2      | Found a glowing silver altar of Zin.
  1350 | D:2      | Reached skill level 4 in Spellcasting
  1787 | D:3      | Noticed Jessica
  1841 | D:3      | Noticed Ijyb
  1852 | D:3      | Killed Ijyb
  1852 | D:3      | Reached XP level 4. HP: 18/24 MP: 1/12
  1996 | D:3      | Noticed tschems's ghost (amateur HuFi)
  2510 | D:3      | Reached skill level 5 in Conjurations
  2560 | D:3      | Killed Jessica
  2560 | D:3      | Reached skill level 1 in Hexes
  2739 | D:3      | Reached XP level 5. HP: 28/28 MP: 10/13
  3225 | D:4      | Found an ancient bone altar of Kikubaaqudgha.
  3436 | D:4      | Noticed an ogre
  3606 | D:4      | Reached skill level 5 in Spellcasting
  3606 | D:4      | Reached XP level 6. HP: 32/32 MP: 8/15
  3936 | D:4      | Found a sacrificial altar of Ru.
  4011 | D:5      | Entered Level 5 of the Dungeon
  4186 | D:5      | Found a staircase to the Ecumenical Temple.
  4227 | D:5      | Reached skill level 5 in Stealth
  4272 | D:5      | Reached * piety under Sif Muna
  4510 | D:5      | Noticed a soldier ant
  4517 | D:5      | Found a runed gate.
  4517 | D:5      | Noticed a soldier ant
  4517 | D:5      | Noticed a soldier ant
  4517 | D:5      | Noticed a soldier ant
  4518 | D:5      | Noticed a soldier ant
  4519 | D:5      | Found a runed gate.
  4519 | D:5      | Found a runed gate.
  4521 | D:5      | Noticed a water moccasin
  4521 | D:5      | Noticed a soldier ant
  4521 | D:5      | Noticed a water moccasin
  4533 | D:5      | Noticed a water moccasin
  4534 | D:5      | Found a runed door.
  4841 | D:5      | Reached XP level 7. HP: 36/36 MP: 7/17
  4920 | D:5      | Learned a level 4 spell: Fulminant Prism
  4926 | Temple   | Entered the Ecumenical Temple
  5592 | D:4      | Reached skill level 6 in Spellcasting
  6361 | D:5      | Reached skill level 7 in Spellcasting
  6478 | D:5      | Found an opulent altar of Gozag.
  6551 | D:5      | Found a runed door.
  6684 | D:6      | Reached skill level 5 in Hexes
  6684 | D:6      | Reached XP level 8. HP: 4/41 MP: 0/21
  7094 | D:6      | Noticed Edmund
  7402 | D:6      | Reached ** piety under Sif Muna
  7515 | D:6      | Killed Edmund
  7515 | D:6      | Reached skill level 8 in Spellcasting
  7735 | D:7      | Found Houd's Antique Weapon Shop.
  7738 | D:7      | Found Zamm's Food Shoppe.
  7745 | D:7      | Found a hazy altar of Hepliaklqana.
  7769 | D:7      | Found Keimeiq's Distillery.
  8142 | D:7      | Found a white marble altar of Elyvilon.
  8154 | D:7      | Found Kuviul Ilisch's Antique Weapon Boutique.
  8224 | D:7      | Found an ancient bone altar of Kikubaaqudgha.
  8359 | D:7      | Found Seoden's Armour Emporium.
  8369 | D:7      | Bought a +0 pair of gloves for 54 gold pieces
  8424 | D:7      | Reached XP level 9. HP: 45/45 MP: 17/23
  8813 | D:8      | Learned a level 4 spell: Iskenderun's Mystic Blast
  8826 | D:8      | Reached skill level 5 in Dodging
  8847 | D:8      | Found a hide-covered altar of Uskayaw.
  8946 | D:8      | Reached skill level 9 in Spellcasting
  9381 | D:8      | Noticed a troll
  9605 | D:8      | Found a staircase to the Lair.
  9606 | D:8      | Noticed a komodo dragon
  9705 | D:9      | Noticed a troll
  9725 | D:9      | Killed a troll
  9840 | D:8      | Learned a level 5 spell: Iskenderun's Battlesphere
 10183 | D:9      | Reached skill level 10 in Spellcasting
 10241 | D:9      | Reached *** piety under Sif Muna
 10244 | D:9      | Reached skill level 10 in Stealth
 10245 | D:9      | Gained mutation: Your skin changes colour to match your surroundings (Stealth+). [potion of mutation]
 10245 | D:9      | Gained mutation: You have a pair of small horns on your head. [potion of mutation]
 10245 | D:9      | Gained mutation: You possess an exceptional clarity of mind. [potion of mutation]
 10459 | D:7      | Bought 2 potions of heal wounds for 150 gold pieces
 10459 | D:7      | Bought a potion of curing for 45 gold pieces
 10992 | D:8      | Killed a komodo dragon
 11113 | Lair:1   | Entered Level 1 of the Lair of Beasts
 11164 | Lair:1   | Noticed a spiny frog
 11176 | Lair:1   | Killed a spiny frog
 11176 | Lair:1   | Reached XP level 10. HP: 50/50 MP: 11/26
 11216 | Lair:1   | Reached skill level 11 in Spellcasting
 11389 | Lair:1   | Noticed Gastronok
 11628 | Lair:1   | Reached skill level 5 in Charms
 11941 | Lair:1   | Reached **** piety under Sif Muna
 12013 | Lair:1   | Noticed a black mamba
 12348 | D:9      | Reached skill level 1 in Invocations
 12686 | D:10     | Entered Level 10 of the Dungeon
 13261 | D:10     | Noticed a white ugly thing
 13309 | D:9      | Reached skill level 12 in Spellcasting
 13490 | D:10     | Found a staircase to the Orcish Mines.
 13652 | D:9      | Learned a level 4 spell: Summon Lightning Spire
 13677 | Orc:1    | Entered Level 1 of the Orcish Mines
 13853 | D:10     | Noticed a hill giant
 14181 | D:10     | Killed a hill giant
 14217 | D:10     | Reached XP level 11. HP: 54/54 MP: 18/29
 14230 | D:10     | Reached skill level 10 in Conjurations
 14376 | D:10     | Learned a level 2 spell: Slow
 14444 | D:10     | Reached skill level 5 in Invocations
 14985 | D:10     | Reached ***** piety under Sif Muna
 14985 | D:10     | Received a gift from Sif Muna
 15029 | D:10     | Learned a level 1 spell: Sting
 15422 | D:10     | Noticed a three-headed hydra
 15444 | D:10     | Killed a three-headed hydra
 15962 | Orc:2    | Entered Level 2 of the Orcish Mines
 15964 | Orc:2    | Noticed a stone giant
 16175 | D:7      | Learned a level 3 spell: Gell's Gravitas
 16211 | D:7      | Bought a potion of haste for 150 gold pieces
 16211 | D:7      | Bought a potion of berserk rage for 75 gold pieces
 16538 | D:10     | Killed a white ugly thing
 16538 | D:10     | Reached skill level 1 in Poison Magic
 17156 | D:11     | Noticed a hill giant
 17606 | Lair:1   | Reached skill level 13 in Spellcasting
 17647 | Lair:1   | Noticed a four-headed hydra
 17733 | Lair:1   | Killed a four-headed hydra
 17856 | Lair:1   | Reached XP level 12. HP: 59/59 MP: 21/31
 18050 | Lair:2   | Noticed Sonja
 18062 | Lair:2   | Killed Sonja
 18062 | Lair:2   | Identified Toamn's Handbook of Attacks (Sif Muna gifted it to you on level 2 of the Lair of Beasts)
 18062 | Lair:2   | Received a gift from Sif Muna
 18082 | Lair:2   | Found a frozen archway.
 18097 | IceCv    | Entered an ice cave
 18300 | IceCv    | Reached skill level 5 in Poison Magic
 18822 | IceCv    | Reached skill level 14 in Spellcasting
 18969 | IceCv    | Reached skill level 10 in Charms
 19135 | IceCv    | Noticed a frost giant
 19248 | IceCv    | Killed a frost giant
 19776 | Lair:2   | Identified Sif Muna's Incunabulum of Bile (Sif Muna gifted it to you on level 2 of the Lair of Beasts)
 19776 | Lair:2   | Received a gift from Sif Muna
 19834 | Lair:2   | Got a translucent morningstar
 19837 | Lair:2   | Identified the +6 morningstar "Lepasiad" {flame, Str+3} (You found it on level 2 of the Lair of Beasts)
 19856 | Lair:2   | Got an iridescent scimitar
 19857 | Lair:2   | Identified the cursed +3 scimitar "Tagi" {freeze, rElec rN+} (You found it on level 2 of the Lair of Beasts)
 19893 | Lair:2   | Noticed a four-headed hydra
 19910 | Lair:2   | Killed a four-headed hydra
 19910 | Lair:2   | Reached skill level 1 in Air Magic
 20348 | Lair:2   | Noticed a four-headed hydra
 20365 | Lair:2   | Killed a four-headed hydra
 20365 | Lair:2   | Reached XP level 13. HP: 16/63 MP: 6/33
 20989 | Lair:2   | Reached skill level 15 in Spellcasting
 21296 | Lair:2   | Learned a level 4 spell: Olgreb's Toxic Radiance
 21722 | Lair:1   | Killed Gastronok
 21722 | Lair:1   | Reached skill level 5 in Air Magic
 22527 | Orc:1    | Noticed an orc warlord
 22545 | Orc:1    | Killed an orc warlord
 23280 | Orc:2    | Found a staircase to the Elven Halls.
 23476 | Orc:1    | Learned a level 6 spell: Deflect Missiles
 23667 | Orc:2    | Noticed an orc warlord
 23667 | Orc:2    | Identified Sif Muna's Grimoire of Battle Magic and the Birds (Sif Muna gifted it to you on level 2 of the Orcish Mines)
 23667 | Orc:2    | Received a gift from Sif Muna
 25517 | Lair:4   | Reached skill level 16 in Spellcasting
 25650 | Lair:4   | Reached XP level 14. HP: 68/68 MP: 11/36
 25717 | Lair:4   | Reached skill level 10 in Dodging
 26699 | Lair:4   | Found a staircase to the Snake Pit.
 26795 | Lair:4   | Found a staircase to the Shoals.
 27308 | Orc:2    | Found Lups's General Store.
 27421 | Orc:2    | Received a gift from Sif Muna
 28006 | Orc:2    | Killed an orc warlord
 28207 | Orc:2    | Killed a stone giant
 28207 | Orc:2    | Reached skill level 10 in Air Magic
 28497 | Orc:2    | Found Guhaipt's Antique Armour Shop.
 29142 | Orc:2    | Bought a scroll of identify for 26 gold pieces
 29206 | Orc:2    | Bought a runed robe for 180 gold pieces
 29394 | Orc:2    | Found Bakomeh's Antique Weapon Shoppe.
 29424 | Orc:2    | Found Mapniot's Book Boutique.
 29687 | Elf:1    | Entered Level 1 of the Elven Halls
 29965 | Orc:2    | Bought a pair of ichor-stained gloves for 256 gold pieces
 29987 | Orc:2    | Identified the cursed +0 pair of gloves of Lilacs {rC+ MR+ Regen+ Str+3} (You bought it in a shop on level 2 of the Orcish Mines)
 30366 | Lair:5   | Found a viscous altar of Jiyva.
 30366 | Lair:5   | Found a staircase to the Slime Pits.
 30750 | Lair:5   | Noticed Urug
 30759 | Lair:5   | Killed Urug
 31167 | Lair:6   | Entered Level 6 of the Lair of Beasts
 31537 | Lair:6   | Identified Sif Muna's Collected Works on Battle Magic (Sif Muna gifted it to you on level 6 of the Lair of Beasts)
 31537 | Lair:6   | Received a gift from Sif Muna
 31537 | Lair:6   | Reached skill level 17 in Spellcasting
 32290 | Lair:6   | Learned a level 7 spell: Orb of Destruction
 33466 | Lair:6   | Reached XP level 15. HP: 72/72 MP: 6/38
 33629 | Lair:6   | Found a large runed door.
 33768 | Lair:6   | Learned a level 4 spell: Airstrike
 33969 | Lair:6   | Found a large runed door.
 35816 | D:10     | Identified Sif Muna's Catalogue of Quantum Augmentations (Sif Muna gifted it to you on level 10 of the Dungeon)
 35816 | D:10     | Received a gift from Sif Muna
 36710 | D:11     | Found Alostiso's Pet Rocks.
 37686 | D:12     | Got an encrusted trident
 37745 | D:12     | Identified the +4 trident of Wozxeaq {flame, -Tele rPois Stlth+} (You found it on level 12 of the Dungeon)
 38566 | D:13     | Reached skill level 10 in Hexes
 38611 | D:13     | Killed Rupert
 39506 | D:13     | Got a fine halberd
 39511 | D:13     | Identified the cursed +3 halberd "Cuorph" {drain, +Inv Int+3} (You found it on level 13 of the Dungeon)
 40237 | D:14     | Found a gate to the Vaults.
 40237 | D:14     | Noticed Nessos
 41122 | Elf:1    | Received a gift from Sif Muna
 41260 | Elf:1    | Reached skill level 15 in Conjurations
 41521 | Snake:1  | Entered Level 1 of the Snake Pit
 43255 | Snake:1  | Reached XP level 16. HP: 49/76 MP: 8/39
 43611 | Snake:2  | Noticed Jorgrun
 43925 | Snake:2  | Noticed Asterion
 44051 | Snake:2  | Reached skill level 18 in Spellcasting
 44176 | Snake:2  | Noticed Frances
 44419 | Snake:2  | Found Voahiaqe's Jewellery Emporium.
 44460 | Snake:2  | Killed Frances
 44518 | Snake:2  | Killed from afar by Jorgrun

Skill      XL: |  1  2  3  4  5  6  7  8  9 10 11 12 13 14 15 16 |
---------------+-------------------------------------------------+-----
Stealth        | 3 4 5 7 8 10 | 10.0
Dodging        | 3 4 5 7 9 10 11 | 11.0
Spellcasting   | 4 5 7 8 10 12 13 14 16 17 18 | 18.1
Conjurations   | 5 6 7 8 9 11 13 15 | 15.8
Hexes          | 1 3 5 7 8 12 | 12.0
Charms         | 3 7 9 10 | 10.2
Invocations    | 4 6 |  6.2
Poison Magic   | 3 7 |  7.1
Air Magic      | 3 8 10 | 10.5

Action                   |  1- 3 |  4- 6 |  7- 9 | 10-12 | 13-15 | 16-18 || total
-------------------------+-------+-------+-------+-------+-------+-------++-------
Melee: Short sword       |    10 |     2 |       |       |       |       ||    12
       Falchion          |       |    11 |    30 |     6 |       |       ||    47
       Flail             |       |       |     1 |    11 |       |       ||    12
       Scimitar          |       |       |       |       |    31 |       ||    31
       Headbutt          |       |       |       |       |     7 |       ||     7
       Trident           |       |       |       |       |     4 |       ||     4
       Staff             |       |       |       |       |     3 |       ||     3
Throw: Stone             |       |       |     5 |     1 |       |       ||     6
       Tomahawk          |       |       |       |     4 |     5 |       ||     9
 Cast: Magic Dart        |    66 |   101 |   174 |   203 |   377 |     3 ||   924
       Searing Ray       |     5 |    10 |    30 |    70 |    88 |     4 ||   207
       Dazzling Spray    |       |     3 |    29 |    21 |   149 |     2 ||   204
       Fulminant Prism   |       |       |    10 |    28 |    68 |     3 ||   109
       Iskenderun's Myst |       |       |    28 |    97 |   425 |    15 ||   565
       Iskenderun's Batt |       |       |     1 |    23 |    60 |     3 ||    87
       Sting             |       |       |       |     4 |     5 |       ||     9
       Slow              |       |       |       |     2 |     2 |       ||     4
       Gell's Gravitas   |       |       |       |     2 |     1 |       ||     3
       Summon Lightning  |       |       |       |       |    10 |     3 ||    13
       Deflect Missiles  |       |       |       |       |     8 |     1 ||     9
       Orb of Destructio |       |       |       |       |    32 |    11 ||    43
       Airstrike         |       |       |       |       |    13 |    11 ||    24
Invok: Divine Energy     |       |       |     2 |     4 |     5 |       ||    11
       Stop Divine Energ |       |       |     2 |     4 |     4 |       ||    10
       Channel Magic     |       |       |       |     1 |     1 |     1 ||     3
       Forget Spell      |       |       |       |       |     1 |       ||     1
Evoke: Wand              |       |       |       |     3 |    12 |     3 ||    18
       Staff of Olgreb   |       |       |       |       |     1 |       ||     1
  Use: Scroll            |       |     2 |     7 |     6 |    15 |     1 ||    31
       Potion            |       |       |     1 |     1 |     2 |     1 ||     5
 Stab: Invisible         |       |       |       |       |     3 |       ||     3
  Eat: Chunk             |     2 |    10 |    13 |    26 |    48 |     2 ||   101
       Pizza             |       |       |     1 |     1 |     2 |       ||     4
       Beef jerky        |       |       |     1 |     1 |       |     1 ||     3
       Meat ration       |       |       |     1 |       |     1 |       ||     2
       Fruit             |       |       |       |     1 |       |       ||     1
       Bread ration      |       |       |       |       |     5 |     1 ||     6
Armor: Robe              |     3 |     7 |    13 |     7 |    32 |     2 ||    64
       Troll leather arm |       |       |       |    19 |    15 |       ||    34
Dodge: Dodged            |    15 |    15 |    79 |    95 |   241 |    23 ||   468
       Deflected         |       |       |       |       |    26 |    13 ||    39
       Rpst.: Falchion   |       |     5 |    19 |     7 |       |       ||    31
       Scimitar          |       |       |       |     1 |    44 |       ||    45
